 Dungeon Crawl Stone Soup version 0.21-a0-538-gd16b88a (webtiles) character file.

2341 teukkam the Protected (level 9, 0/103 HPs)
             Began as a Gnoll Wanderer on Dec 15, 2017.
             Slain by Nattefrost's ghost (4 damage)
             ... on level 8 of the Dungeon.
             The game lasted 00:21:52 (7108 turns).

teukkam the Protected (Gnoll Wanderer)              Turns: 7108, Time: 00:21:52

Health: 0/103      AC: 24    Str: 21 (24) XL:     9   Next: 43%
Magic:  3/15       EV:  2    Int: 12 (14) God:
Gold:   351        SH:  0    Dex: 13 (16) Spells: 16/16 levels left

rFire    + . .     SeeInvis .   a - +3 hand axe
rCold    . . .     Gourm    .   (no shield)
rNeg     + + +     Faith    .   (armour currently unavailable)
rPois    +         Spirit   .   (helmet currently unavailable)
rElec    .         Reflect  .   (cloak currently unavailable)
rCorr    .         Harm     .   (gloves currently unavailable)
MR       +....     Clarity  +   (boots currently unavailable) Stlth ++++......NoTele +
                                (no amulet)
HPRegen  0.27/turn              h - ring of protection from fire
MPRegen  0.14/turn              (no ring)

@: agile, tree-form
A: distributed training, clarity, magic resistance 1, strong 1, strong nose
a: no special abilities


You were on level 8 of the Dungeon.
You were not hungry.
You were a tree.
You visited 2 branches of the dungeon, and saw 9 of its levels.

You collected 351 gold pieces.

Inventory:

Hand Weapons
 a - a +3 hand axe (weapon)
 b - a +0 blowgun
Missiles
 j - 4 javelins (quivered)
 m - 33 poisoned needles
Armour
 e - a +0 chain mail (melded)
 i - a scarf of spirit shield (melded)
 n - a scarf of cloud immunity
 t - a +1 helmet (melded)
Jewellery
 h - a ring of protection from fire (left branch)
 q - an uncursed ring of ice {unknown}
Scrolls
 c - 4 scrolls of teleportation
 d - a scroll of fog
 p - 2 scrolls of remove curse
 r - a scroll of amnesia
 s - 5 scrolls of identify
 y - a scroll of fear {unknown}
Books
 w - a book of Flames

   Spells                             Type                      Level
   a - Flame Tongue                   Conjuration/Fire             1
   b - Throw Flame                    Conjuration/Fire             2
   c - Conjure Flame                  Conjuration/Fire             3
   d - Inner Flame                    Hexes/Fire                   3
   e - Sticky Flame                   Conjuration/Fire             4
   f - Fireball                       Conjuration/Fire             5
Comestibles
 f - 7 bread rations
 g - a meat ration
 u - 2 chunks of flesh


   Skills:
 + Level 6.2 Fighting
 + Level 4.1 Short Blades
 + Level 4.1 Long Blades
 + Level 6.2 Axes
 + Level 4.1 Maces & Flails
 + Level 4.1 Polearms
 + Level 4.1 Staves
 + Level 4.1 Slings
 + Level 4.1 Bows
 + Level 4.1 Crossbows
 + Level 4.1 Throwing
 + Level 9.5 Armour
 + Level 4.1 Dodging
 + Level 4.1 Stealth
 + Level 4.1 Shields
 + Level 4.1 Unarmed Combat
 + Level 4.1 Spellcasting
 + Level 3.4 Conjurations
 + Level 3.4 Hexes
 + Level 3.4 Charms
 + Level 3.4 Summonings
 + Level 3.4 Necromancy
 + Level 3.4 Translocations
 + Level 3.4 Transmutations
 + Level 3.4 Fire Magic
 + Level 3.4 Ice Magic
 + Level 3.4 Air Magic
 + Level 3.4 Earth Magic
 + Level 3.4 Poison Magic
 + Level 4.5 Invocations
 + Level 6.2 Evocations


You had 16 spell levels left.
You didn't know any spells.

Dungeon Overview and Level Annotations

Branches:
Dungeon (8/15)             Temple (1/1) D:6
   Lair: D:8-11

Altars:
Ashenzari
Dithmenos
Elyvilon
Fedhas
Gozag
Hepliaklqana
Kikubaaqudgha
Makhleb
Nemelex Xobeh
Okawaru
Qazlal
Trog
Uskayaw
Vehumet
Xom
Zin
The Shining One

Annotations:
D:8 Nattefrost's ghost, novice OgAK


Innate Abilities, Weirdness & Mutations

Your experience applies equally to all skills.
((You have very sharp teeth.))
Your uncanny sense of smell can sniff out nearby items.
You possess an exceptional clarity of mind.
You are resistant to hostile enchantments. (MR+)
Your muscles are strong. (Str +2)


Message History

Nattefrost's ghost hits you but does no damage.
You hit Nattefrost's ghost.
Nattefrost's ghost is heavily damaged.
Nattefrost's ghost hits you but does no damage.
You hit Nattefrost's ghost.
Nattefrost's ghost is heavily damaged.
Nattefrost's ghost hits you but does no damage.
You closely miss Nattefrost's ghost.
Nattefrost's ghost is heavily damaged.
Nattefrost's ghost hits you but does no damage.
You slash Nattefrost's ghost!
Nattefrost's ghost is severely damaged.
Nattefrost's ghost hits you but does no damage.
You hit Nattefrost's ghost but do no damage.
Nattefrost's ghost is severely damaged.
Nattefrost's ghost hits you but does no damage.
You closely miss Nattefrost's ghost.
Nattefrost's ghost is severely damaged.
Nattefrost's ghost hits you.
You die...

#. #.######......## .
#.# ###'######
#.#.####......)#
####.#....#.......#
#....[....'.......#
#.##.#...†#..........#
#.#....########+#.#
#.#........ #
#..♣.......
##W..........
...>...######
∆#.######## #.## #
#... .... ####


You could see Nattefrost's ghost.

Vanquished Creatures
  A hornet (D:6)
  2 ice beasts
  A black bear (D:7)
  2 sky beasts
  A necrophage (D:8)
  3 ogres
  A phantom (D:7)
  Blork the orc (D:4)
  A bullfrog (D:6)
  A big kobold (D:7)
  2 scorpions
  A howler monkey (D:7)
  5 crimson imps
  A bullfrog zombie (D:4)
  2 orc priests (D:7)
  A hound (D:6)
  A jelly (D:6)
  An iguana (D:7)
  7 orc wizards
  5 worker ants
  A killer bee zombie (D:8)
  2 hound skeletons (D:4)
  A hound zombie (D:7)
  8 adders
  A shadow imp (D:7)
  3 oozes
  2 adder zombies
  An adder skeleton (D:6)
  A dart slug (D:1)
  3 leopard geckos
  13 orcs
  6 giant cockroaches
  3 goblins
  7 hobgoblins
  13 jackals
  9 kobolds
  2 quokkas
  3 bats (D:3)
  A quokka skeleton (D:5)
  2 rats (D:1)
122 creatures vanquished.

Notes
Turn   | Place    | Note
-------+----------+-------------------------------------------
     0 | D:1      | teukkam the Gnoll Wanderer began the quest for the Orb.
     0 | D:1      | teukkam set off with: a +2 hand axe, a potion of lignification, a scroll of teleportation, a +0 robe, a bread ration
     0 | D:1      | Reached XP level 1. HP: 20/20 MP: 3/3
    29 | D:1      | Reached XP level 2. HP: 21/26 MP: 5/5
   590 | D:3      | Reached XP level 3. HP: 23/31 MP: 3/6
   590 | D:3      | Reached skill level 1 in Invocations
  1044 | D:3      | Reached skill level 1 in Short Blades
  1044 | D:3      | Reached skill level 1 in Long Blades
  1044 | D:3      | Reached skill level 1 in Maces & Flails
  1044 | D:3      | Reached skill level 1 in Polearms
  1044 | D:3      | Reached skill level 1 in Staves
  1044 | D:3      | Reached skill level 1 in Slings
  1044 | D:3      | Reached skill level 1 in Bows
  1044 | D:3      | Reached skill level 1 in Crossbows
  1044 | D:3      | Reached skill level 1 in Throwing
  1044 | D:3      | Reached skill level 1 in Dodging
  1044 | D:3      | Reached skill level 1 in Stealth
  1044 | D:3      | Reached skill level 1 in Shields
  1044 | D:3      | Reached skill level 1 in Unarmed Combat
  1044 | D:3      | Reached skill level 1 in Spellcasting
  1047 | D:3      | Reached XP level 4. HP: 38/38 MP: 7/7
  1250 | D:3      | Reached skill level 1 in Conjurations
  1250 | D:3      | Reached skill level 1 in Hexes
  1250 | D:3      | Reached skill level 1 in Charms
  1250 | D:3      | Reached skill level 1 in Summonings
  1250 | D:3      | Reached skill level 1 in Necromancy
  1250 | D:3      | Reached skill level 1 in Translocations
  1250 | D:3      | Reached skill level 1 in Transmutations
  1250 | D:3      | Reached skill level 1 in Fire Magic
  1250 | D:3      | Reached skill level 1 in Ice Magic
  1250 | D:3      | Reached skill level 1 in Air Magic
  1250 | D:3      | Reached skill level 1 in Earth Magic
  1250 | D:3      | Reached skill level 1 in Poison Magic
  1585 | D:4      | Noticed Blork the orc
  1596 | D:4      | Reached XP level 5. HP: 42/43 MP: 8/8
  1882 | D:5      | Entered Level 5 of the Dungeon
  1904 | D:5      | Reached XP level 6. HP: 50/50 MP: 9/9
  2235 | D:5      | Reached skill level 5 in Fighting
  2235 | D:5      | Reached skill level 5 in Axes
  2235 | D:5      | Reached skill level 5 in Evocations
  2436 | D:5      | Found a shadowy altar of Dithmenos.
  2452 | D:5      | Reached XP level 7. HP: 6/56 MP: 0/10
  3130 | D:5      | Found a sparkling altar of Nemelex Xobeh.
  3311 | D:5      | Gained mutation: You are resistant to hostile enchantments. (MR+) [mutagenic meat]
  3312 | D:5      | Gained mutation: Your muscles are strong. (Str +2) [mutagenic meat]
  3313 | D:5      | Gained mutation: You possess an exceptional clarity of mind. [mutagenic meat]
  3628 | D:6      | Reached skill level 9 in Armour
  3933 | D:6      | Found a staircase to the Ecumenical Temple.
  3954 | D:6      | Reached XP level 8. HP: 37/63 MP: 8/12
  3958 | Temple   | Entered the Ecumenical Temple
  4493 | D:6      | Noticed a hornet
  4517 | D:6      | Paralysed by a hornet for 1 turns
  4526 | D:6      | Killed a hornet
  5462 | D:4      | Killed Blork the orc
  5583 | D:6      | Found a hazy altar of Hepliaklqana.
  6012 | D:7      | Reached XP level 9. HP: 69/69 MP: 14/14
  7069 | D:8      | Noticed Nattefrost's ghost (novice OgAK)
  7097 | D:8      | HP: 2/69 [Nattefrost's ghost (16)]
  7108 | D:8      | Slain by Nattefrost's ghost

Vault maps used:
D:1:      elethiomel_arrival_infinity_welcomes_careful_drivers,
          kennysheep_another_room
D:2:      old_standard_altar, chequers_ecumenical_altar_twisty
D:3:      first_bread, minmay_crystal_room, grunt_ministairs_12
D:4:      cheibrodos_helix_gallery, uniq_blork_the_orc
D:5:      nemelex_altar_shiori, grunt_dithmenos_smoke_and_mirrors
D:6:      minmay_temple_entry_large_hall, basic_altar
D:8:      hangedman_pestilent_swarm, uniq_pikel, uniq_maurice
Temple:   nicolae_temple_elliptical

Skill      XL: |  1  2  3  4  5  6  7  8  9 |
---------------+----------------------------+-----
Invocations    | 1 2 3 4 |  4.5
Short Blades   | 1 2 3 4 |  4.1
Long Blades    | 1 2 3 4 |  4.1
Maces & Flails | 1 2 3 4 |  4.1
Polearms       | 1 2 3 4 |  4.1
Staves         | 1 2 3 4 |  4.1
Slings         | 1 2 3 4 |  4.1
Bows           | 1 2 3 4 |  4.1
Crossbows      | 1 2 3 4 |  4.1
Throwing       | 1 2 3 4 |  4.1
Dodging        | 1 2 3 4 |  4.1
Stealth        | 1 2 3 4 |  4.1
Shields        | 1 2 3 4 |  4.1
Unarmed Combat | 1 2 3 4 |  4.1
Spellcasting   | 1 2 3 4 |  4.1
Conjurations   | 1 2 3 |  3.4
Hexes          | 1 2 3 |  3.4
Charms         | 1 2 3 |  3.4
Summonings     | 1 2 3 |  3.4
Necromancy     | 1 2 3 |  3.4
Translocations | 1 2 3 |  3.4
Transmutations | 1 2 3 |  3.4
Fire Magic     | 1 2 3 |  3.4
Ice Magic      | 1 2 3 |  3.4
Air Magic      | 1 2 3 |  3.4
Earth Magic    | 1 2 3 |  3.4
Poison Magic   | 1 2 3 |  3.4
Fighting       | 5 6 |  6.2
Axes           | 5 6 |  6.2
Evocations     | 5 6 |  6.2
Armour         | 9 |  9.5

Action                   |  1- 3 |  4- 6 |  7- 9 || total
-------------------------+-------+-------+-------++-------
Melee: Hand axe          |    68 |   134 |   309 ||   511
       Bite              |     9 |    14 |    46 ||    69
       Punch             |       |     1 |     6 ||     7
 Fire: Blowgun           |       |    22 |    55 ||    77
Throw: Javelin           |       |       |     8 ||     8
  Use: Potion            |     1 |     1 |     8 ||    10
       Scroll            |       |     4 |     5 ||     9
 Stab: Sleeping          |     1 |       |       ||     1
  Eat: Chunk             |       |     5 |     4 ||     9
       Meat ration       |       |       |     3 ||     3
Armor: Robe              |     4 |       |       ||     4
       Chain mail        |    40 |    82 |   192 ||   314
       Skin              |       |       |    27 ||    27
Dodge: Dodged            |    32 |    61 |   144 ||   237

Table legend:
 A = Spawn XP
 B = Non-spawn XP
 C = Spawn XP percentage of total XP
 D = Spawn monster count
 E = Non-spawn monster count
 F = Spawn count percentage of total count
 G = Total turns spent on level
                    A         B        C        D         E        F      G
               +---------+---------+-------+---------+---------+-------+---------
         Total |       0 |    3345 |   0.0 |       0 |     122 |   0.0 |  7108
               +---------+---------+-------+---------+---------+-------+---------
           D:1 |       0 |      27 |   0.0 |       0 |      11 |   0.0 |   407
           D:3 |       0 |     136 |   0.0 |       0 |      27 |   0.0 |  1124
           D:4 |       0 |     302 |   0.0 |       0 |      19 |   0.0 |  1016
           D:5 |       0 |     750 |   0.0 |       0 |      19 |   0.0 |  1939
           D:6 |       0 |    1036 |   0.0 |       0 |      18 |   0.0 |  1261
           D:7 |       0 |     708 |   0.0 |       0 |      22 |   0.0 |  1005
           D:8 |       0 |     386 |   0.0 |       0 |       6 |   0.0 |   194
               +---------+---------+-------+---------+---------+-------+---------
